 Dungeon Crawl Stone Soup version 0.29.1-15-g9cfb28693d (webtiles) character file.

Game seed: 10093647331630174789

14769 croobank the Brooding (level 11, -1/76 HPs)
             Began as a Demonspawn Fire Elementalist on Mar 22, 2023.
             Was a Priest of Hepliaklqana.
             Slain by a two-headed ogre
             ... wielding a +0 giant spiked club
              (29 damage)
             ... on level 12 of the Dungeon.
             The game lasted 00:35:47 (11772 turns).

croobank the Brooding (DsFE)                       Turns: 11772, Time: 00:35:48

Health: -1/76      AC: 12    Str: 10    XL:     11   Next: 93%
Magic:  11/21      EV: 15    Int: 26    God:    Hepliaklqana [***...]
Gold:   295        SH:  0    Dex: 13    Spells: 17/24 levels left

rFire   + . .      SeeInvis +   o - staff of fire
rCold   + + .      Faith    .   (no shield)
rNeg    . . .      Spirit   .   f - +2 robe {rC+}
rPois   .          Reflect  .   (helmet restricted)
rElec   .          Harm     .   g - +1 cloak
rCorr   .          Rampage  .   z - +1 pair of gloves
Will    .....                   H - +1 pair of boots
Stlth   ++++......              i - amulet of magic regeneration
HPRegen 0.22/turn               s - +6 ring of intelligence
MPRegen 0.74/turn               q - ring of see invisible

@: no status effects
A: reduced essence, horns 2, rugged brown scales 2, ignite blood 2, magic
regeneration, cold resistance 1
a: Renounce Religion, Recall Ancestor, Ancestor Identity, Transference


You were on level 12 of the Dungeon.
You worshipped Hepliaklqana.
Hepliaklqana was most pleased with you.
You visited 1 branch of the dungeon, and saw 12 of its levels.

You collected 583 gold pieces.
You spent 288 gold pieces at shops.

Inventory:

Hand Weapons
 d - a -2 demon whip of venom
 u - a +0 dagger of venom
 x - a +3 flail
 y - a +1 short sword of speed
 L - a +5 great sword
 M - a +3 spear
 P - a +2 hand axe of venom
 T - a +0 shortbow
Missiles
 m - 22 poisoned darts
 A - a throwing net (quivered)
 N - 6 silver boomerangs
 O - 5 boomerangs
 S - a curare-tipped dart
Armour
 f - a +2 robe of cold resistance (worn)
 g - a +1 cloak (worn)
 z - a +1 pair of gloves (worn)
 E - a +2 tower shield
 H - a +1 pair of boots (worn)
 I - +0 steam dragon scales
Magical Staves
 o - a staff of fire (weapon)
Jewellery
 a - a ring of willpower
 i - an amulet of magic regeneration (around neck)
 q - a ring of see invisible (right hand)
 r - a +4 ring of slaying
 s - a +6 ring of intelligence (left hand)
 F - an amulet of regeneration
 K - a +4 ring of evasion
Wands
 b - a wand of polymorph (7)
 k - a wand of iceblast (9)
 G - a wand of flame (10)
 X - a wand of mindburst (9)
Scrolls
 e - 2 scrolls of immolation
 h - 2 scrolls of teleportation
 C - 3 scrolls of magic mapping
 R - a scroll of poison
 V - 3 scrolls of enchant armour
 Z - a scroll of fear
Potions
 c - 3 potions of lignification
 j - 3 potions of ambrosia
 l - 2 potions of haste
 n - 2 potions of attraction
 p - a potion of mutation
 t - a potion of flight
 v - a potion of resistance
 w - 7 potions of curing
 B - a potion of brilliance
 D - 2 potions of might {unknown}
 U - a potion of cancellation
 Y - a potion of heal wounds


   Skills:
 + Level 5.2 Fighting
 + Level 2.3 Staves
 + Level 7.0 Dodging
 + Level 7.7 Stealth
 + Level 7.1 Spellcasting
 + Level 7.4 Conjurations
 + Level 7.3 Fire Magic
 * Level 10.0 Invocations
 + Level 2.5 Evocations


You had 17 spell levels left.
You knew the following spells:

 Your Spells              Type           Power      Damage    Failure   Level
a - Foxfire               Conj/Fire      100%       2x1d9     1%          1
b - Scorch                Fire           100%       2d10      1%          2
c - Flame Wave            Conj/Fire      64%        2d15      3%          4

Your spell library contained the following spells:

 Spells                   Type           Power      Damage    Failure   Level
 Magic Dart               Conj           100%       1d8       1%          1
 Conjure Flame            Conj/Fire      64%        6-21      1%          3
 Inner Flame              Hex/Fire       42%        N/A       4%          3
 Slow                     Hex            36%        N/A       6%          1
 Summon Small Mammal      Summ           36%        N/A       6%          1
 Mephitic Cloud           Conj/Pois/Air  22%        N/A       7%          3
 Call Imp                 Summ           9%         N/A       10%         2
 Call Canine Familiar     Summ           9%         N/A       19%         3
 Confusing Touch          Hex            9%         N/A       19%         3
 Summon Guardian Golem    Hex/Summ       9%         N/A       19%         3
 Vampiric Draining        Necr           9%         2d6       19%         3


Dungeon Overview and Level Annotations

Branches:
Dungeon (12/15)            Temple (0/1) D:7            Lair (0/5) D:9
    Orc: D:9-12

Altars:
Cheibriados
Fedhas
Gozag
Hepliaklqana
Qazlal
Sif Muna
Trog
Uskayaw
Xom

Shops:
D:3 [   D:8 :=

Annotations:
D:11 dig for books


Innate Abilities, Weirdness & Mutations

Your life essence is reduced to manifest your ancestor. (-10% HP)
You have a pair of horns on your head.
You are mostly covered in rugged brown scales. (AC +2, +5% HP)
Your demonic aura often causes spilled blood to erupt in flames.
You regenerate magic rapidly.
Your flesh is cold resistant. (rC+)


Message History

Artakama gestures at the orc warrior while chanting.
The stone arrow hits the orc warrior!
The orc hits Artakama with a +0 club.
Flame seeps out of Artakama.
The two-headed ogre closely misses you. x2
The orc warrior is engulfed in blazing flames.
Casting: Scorch (safe; 1% risk of failure)
Confirm with . or Enter, or press ? or * to list all spells.
You feel a surge of power!
Flames lash the two-headed ogre.
The two-headed ogre is burned terribly!
The two-headed ogre is severely wounded.
Artakama closely misses the orc warrior.
The orc barely misses Artakama.
The orc warrior is engulfed in blazing flames.
You kill the orc warrior!
Casting: Scorch (safe; 1% risk of failure)
Confirm with . or Enter, or press ? or * to list all spells.
You feel a surge of power!
Flames lash the two-headed ogre.
The two-headed ogre is burned terribly!
The two-headed ogre is severely wounded.
The two-headed ogre hits you with a +0 giant spiked club!!
The two-headed ogre barely misses you.
Casting: Scorch (safe; 1% risk of failure)
Confirm with . or Enter, or press ? or * to list all spells.
You feel a surge of power!
Flames lash the two-headed ogre.
The two-headed ogre is burned terribly!
The two-headed ogre is almost dead.
The two-headed ogre misses you.
The two-headed ogre hits you with a +0 giant spiked club!!
There is a stone staircase leading up, spattered with blood here.
Casting: Scorch (safe; 1% risk of failure)
Confirm with . or Enter, or press ? or * to list all spells.
You feel a surge of power!
Flames lash the orc.
The orc explodes!
Artakama avoids your attack.
The fiery explosion engulfs the orc priest!!
You kill the orc priest!
You hear a shout!
Artakama barely misses the two-headed ogre.
The two-headed ogre closely misses you.
The two-headed ogre hits you with a +0 giant spiked club!!
You die...

#### .#...
#○8)).
#####○.§)..
##....§)8).⌠
##○○..○.§#
#.○@.§☼o.#
#.OR§§§..#
#..§§☼...#
##..§§)o.#
..#..§##o8.
.#....##
.'.. .
...... 8...
.######.
#o..


You could see the friendly Artakama the battlemage (inner flame), a two-headed
ogre (combustible, ally target) and 3 orcs.

Vanquished Creatures
  A boulder beetle (D:10)
  A hydra (D:11)
  A two-headed ogre (D:10)
  A deep troll (D:11)
  Pikel (D:4)
  A manticore (D:11)
  Maurice (D:11)
  A gargoyle (D:11)
  A hornet (D:10)
  A water elemental (D:11)
  Sigmund (D:2)
  2 vampires
  A shadow (D:11)
  13 yaks
  A basilisk (D:11)
  2 wyverns
  3 acid dragons
  2 water moccasins
  6 orc warriors
  An ice beast (D:6)
  A sky beast (D:6)
  2 ogres
  A black bear (D:5)
  A centaur (D:9)
  A lemure (D:4)
  2 kobold brigands
  A necrophage (D:4)
  A gnoll sergeant (D:9)
  A bullfrog (D:8)
  2 scorpions
  5 wights (D:7)
  10 killer bees
  A howler monkey (D:11)
  9 electric eels (D:11)
  11 orc priests
  3 hounds
  3 iguanas
  9 orc wizards
  Natasha (thrice) (D:2)
  9 gnolls
  8 adders
  A shadow imp (D:7)
  An ufetubus (D:6)
  2 worms (D:2)
  5 dart slugs
  27 orcs
  4 bats
  7 endoplasms
  5 giant cockroaches
  A goblin (D:1)
  7 hobgoblins
  4 jackals
  19 kobolds
  6 quokkas
  19 ball pythons
  2 frilled lizards (D:1)
  8 rats
244 creatures vanquished.

Vanquished Creatures (collateral kills)
  A two-headed ogre (D:11)
  Amaemon (D:10)
  An orange demon (D:10)
  A rime drake (shapeshifter) (D:11)
  A vampire (D:9)
  8 yaks
  A steam dragon (D:8)
  2 centaurs
  4 killer bees
  3 howler monkeys
  2 orc wizards (D:9)
  2 gnolls
  9 orcs
  8 foxfires (D:11)
44 creatures vanquished.

Vanquished Creatures (others)
  6 battlemagi
  An orc wizard (D:9)
  2 ancestors (D:8)
  365 foxfires
  2 fungi (D:3)
  95 plants (D:11)
471 creatures vanquished.

Grand Total: 759 creatures vanquished

Notes
Turn   | Place    | Note
-------+----------+-------------------------------------------
     0 | D:1      | croobank the Demonspawn Fire Elementalist began the quest
                  | for the Orb.
     0 | D:1      | Reached XP level 1. HP: 13/13 MP: 3/3
   541 | D:2      | Gained mutation: You have a pair of small horns on your
                  | head. [demonic ancestry]
   541 | D:2      | Reached XP level 2. HP: 15/19 MP: 0/5
   643 | D:2      | Noticed Natasha
   653 | D:2      | Killed Natasha
   654 | D:2      | Gained mutation: Your demonic aura sometimes causes spilled
                  | blood to erupt in flames. [demonic ancestry]
   654 | D:2      | Reached XP level 3. HP: 19/24 MP: 0/6
   657 | D:2      | Learned a level 2 spell: Scorch
   907 | D:1      | Found a faded altar of an unknown god.
  1477 | D:2      | Noticed Natasha
  1483 | D:2      | Killed Natasha
  1484 | D:2      | Reached XP level 4. HP: 22/30 MP: 1/7
  1653 | D:2      | Noticed Sigmund
  1662 | D:2      | Killed Sigmund
  1663 | D:2      | Reached XP level 5. HP: 27/35 MP: 4/9
  1736 | D:2      | Noticed Natasha
  1741 | D:2      | Killed Natasha
  1742 | D:2      | Gained mutation: Your demonic aura often causes spilled
                  | blood to erupt in flames. [demonic ancestry]
  1742 | D:2      | Reached XP level 6. HP: 41/41 MP: 4/10
  2628 | D:3      | Found Bafrotah's Antique Armour Boutique.
  3105 | D:4      | Gained mutation: You are frail. (-10% HP) [potion of
                  | mutation]
  3105 | D:4      | Gained mutation: A frigid envelope surrounds you and
                  | freezes all who hurt you. [potion of mutation]
  3118 | D:4      | Lost mutation: You are frail. (-10% HP) [potion of
                  | mutation]
  3118 | D:4      | Lost mutation: A frigid envelope surrounds you and freezes
                  | all who hurt you. [potion of mutation]
  3118 | D:4      | Gained mutation: Your flesh is cold resistant. (rC+)
                  | [potion of mutation]
  3259 | D:4      | Noticed Pikel
  3497 | D:4      | Gained mutation: You are partially covered in rugged brown
                  | scales. (AC +1, +3% HP) [demonic ancestry]
  3497 | D:4      | Reached XP level 7. HP: 41/47 MP: 7/12
  3738 | D:4      | Killed Pikel
  3739 | D:4      | Reached XP level 8. HP: 33/53 MP: 4/14
  3918 | D:5      | Entered Level 5 of the Dungeon
  4649 | D:5      | Found a stormy altar of Qazlal.
  4681 | D:5      | Found a snail-covered altar of Cheibriados.
  4963 | D:6      | Found an opulent altar of Gozag.
  5007 | D:6      | Reached skill level 5 in Fire Magic
  5010 | D:6      | Reached skill level 5 in Stealth
  5292 | D:6      | Reached skill level 5 in Spellcasting
  5292 | D:6      | Reached skill level 5 in Conjurations
  5418 | D:6      | Found a hazy altar of Hepliaklqana.
  5419 | D:6      | Found a shimmering altar of Xom.
  5420 | D:6      | Noticed a spectral ugly thing
  5426 | D:6      | Became a worshipper of Hepliaklqana the Forgotten
  5725 | D:6      | Found a bloodstained altar of Trog.
  5861 | D:7      | Found a staircase to the Ecumenical Temple.
  5877 | D:7      | Reached skill level 5 in Dodging
  6027 | D:7      | Reached skill level 1 in Invocations
  6027 | D:7      | Gained mutation: You have a pair of horns on your head.
                  | [demonic ancestry]
  6027 | D:7      | Reached XP level 9. HP: 47/59 MP: 10/16
  6150 | D:7      | Reached skill level 1 in Fighting
  6159 | D:7      | Reached skill level 2 in Invocations
  6532 | D:8      | Reached * piety under Hepliaklqana
  6547 | D:8      | Reached skill level 3 in Invocations
  6737 | D:8      | Reached skill level 4 in Invocations
  7069 | D:8      | Found Ecziull's Book Shop.
  7098 | D:8      | Bought a book of Minor Magic for 288 gold pieces
  7103 | D:8      | Learned a level 4 spell: Flame Wave
  7387 | D:8      | Found Wasaex's Jewellery Shoppe.
  7420 | D:8      | Reached ** piety under Hepliaklqana
  7421 | D:8      | Remembered your ancestor Artakama as a battlemage
  7468 | D:8      | Reached skill level 5 in Invocations
  7620 | D:8      | Gained mutation: You regenerate magic rapidly. [demonic
                  | ancestry]
  7620 | D:8      | Reached XP level 10. HP: 63/64 MP: 9/18
  7853 | D:9      | Reached skill level 6 in Invocations
  8064 | D:9      | Reached skill level 7 in Invocations
  8093 | D:9      | Found a staircase to the Lair.
  8116 | D:9      | Found a hide-covered altar of Uskayaw.
  8602 | D:9      | Found a blossoming altar of Fedhas.
  8747 | D:10     | Entered Level 10 of the Dungeon
  8757 | D:10     | Noticed a two-headed ogre
  8765 | D:10     | Killed a two-headed ogre
  8820 | D:10     | Reached skill level 8 in Invocations
  9016 | D:10     | Gained mutation: You are mostly covered in rugged brown
                  | scales. (AC +2, +5% HP) [demonic ancestry]
  9016 | D:10     | Reached XP level 11. HP: 52/73 MP: 12/20
  9232 | D:10     | Reached *** piety under Hepliaklqana
  9394 | D:10     | Noticed Amaemon
  9398 | D:10     | Killed Amaemon
  9524 | D:10     | Identified a scroll of acquirement
  9524 | D:10     | Acquired a staff of fire
  9662 | D:11     | Noticed a boulder beetle
  9692 | D:10     | Killed a boulder beetle
  9833 | D:11     | Reached skill level 1 in Staves
  9833 | D:11     | Reached skill level 1 in Evocations
  9918 | D:11     | Reached skill level 9 in Invocations
 10476 | D:11     | Noticed Maurice
 10482 | D:11     | Killed Maurice
 11032 | D:11     | Noticed a two-headed ogre
 11038 | D:11     | Killed a two-headed ogre
 11039 | D:11     | Reached skill level 5 in Fighting
 11445 | D:11     | Noticed a deep troll
 11448 | D:11     | Killed a deep troll
 11496 | D:11     | Found a shimmering blue altar of Sif Muna.
 11639 | D:11     | Noticed an eight-headed hydra
 11645 | D:11     | Killed an eight-headed hydra
 11646 | D:11     | Reached skill level 10 in Invocations
 11763 | D:12     | Noticed a two-headed ogre
 11772 | D:12     | Slain by a two-headed ogre

Illustrated notes

Levels and vault maps discovered:
D:1:      co_arrival_square_in_a_square_in_a_square, layout_loops_cross,
          hellmonk_ecumenical_altar_defaced_shrine,
          chequers_serial_rivers_large_b
D:2:      layout_loops_ring, uniq_sigmund, uniq_natasha
D:3:      layout_rooms, tso_altar, serial_shops, shop, minmay_shallow_snake_nest
D:4:      layout_rooms, elyvilon_altar_5, st_stairs_7, minmay_misc_feat_cross,
          uniq_pikel
D:5:      minmay_diamond_boxcup, layout_loops_corners,
          mainiacjoe_overflow_big_doors
D:6:      layout_loops_ring, regret_index_temple_of_mockery,
          grunt_gozag_breadcrumbs, lightli_temple_of_fire
D:7:      layout_loops_cross, minmay_temple_entry_waves
D:8:      layout_basic, serial_shops, nicolae_shop_waterfront,
          nicolae_shop_trees, supply_closet_lemuel, eino_jars
D:9:      layout_roguey, mainiacjoe_overflow_swirl, lair_entry_dummy,
          kennysheep_generic_room_3
D:10:     layout_irregular_city, uniq_amaemon
D:11:     dreamdust_cave_troll, layout_loops_ring, serial_bayou,
          serial_bayou_lagoon_a, serial_bayou_shore_a, serial_bayou_ford_a,
          serial_bayou_lake_a, serial_bayou_pond_b, serial_bayou_pond_b,
          nicolae_sif_muna_little_library, uniq_maurice
D:12:     layout_rooms, david_orc_5, uniq_nessos

Skill      XL: |  1  2  3  4  5  6  7  8  9 10 11 |
---------------+----------------------------------+-----
Stealth        | 2 3 4 5 6 7 |  7.7
Dodging        | 2 3 4 5 6 7 |  7.0
Fire Magic     | 3 4 5 6 7 |  7.3
Spellcasting   | 3 4 5 6 7 |  7.1
Conjurations   | 2 3 4 5 6 7 |  7.4
Invocations    | 1 5 8 10 | 10.0
Fighting       | 2 4 5 |  5.2
Staves         | 2 |  2.3
Evocations     | 2 |  2.5

Action                   |  1- 3 |  4- 6 |  7- 9 | 10-12 || total
-------------------------+-------+-------+-------+-------++-------
Melee: Unarmed           |     6 |       |       |       ||     6
       Short sword       |     3 |    27 |     8 |       ||    38
       Headbutt          |     1 |     5 |     3 |     5 ||    14
       Punch             |       |     2 |       |       ||     2
       Flail             |       |       |     2 |       ||     2
       Dagger            |       |       |     9 |    16 ||    25
       Staff             |       |       |       |     2 ||     2
Throw: Throwing net      |       |       |       |     1 ||     1
 Cast: Foxfire           |    44 |    62 |    39 |    65 ||   210
       Scorch            |    11 |    55 |   121 |   172 ||   359
       Flame Wave        |       |       |       |     1 ||     1
Invok: Ancestor Life: Ba |       |       |     1 |       ||     1
Evoke: Wand              |       |       |     1 |       ||     1
  Use: Potion            |       |     4 |     1 |     1 ||     6
       Scroll            |       |     7 |    14 |     8 ||    29
 Stab: Sleeping          |       |       |     1 |     2 ||     3
Armor: Robe              |     5 |     8 |    16 |    16 ||    45
Dodge: Dodged            |    12 |    29 |    68 |    61 ||   170
